 Dungeon Crawl Stone Soup version 0.28-a0-973-ga7f8b01127 (webtiles) character file.

Game seed: 3939365138754562873

4403 Zonian the Poker (level 10, -12/80 HPs)
             Began as a Demonspawn Gladiator on Dec 1, 2021.
             Was a Believer of Ashenzari.
             Mangled by a polar bear (23 damage)
             ... on level 1 of the Lair of Beasts.
             The game lasted 00:20:20 (9336 turns).

Zonian the Poker (Demonspawn Gladiator)             Turns: 9336, Time: 00:20:21

Health: -12/80     AC:  9    Str: 22    XL:     10   Next: 13%
Magic:  0/12       EV: 17    Int: 19    God:    Ashenzari [**....]
Gold:   565        SH:  4    Dex: 19    Spells: 9/12 levels left

rFire   . . .      SeeInvis +   a - +2 trident (elec)
rCold   . . .      Faith    .   (no shield)
rNeg    + . .      Spirit   +   A - +0 robe "Prophetic Oblivion" {rPois rN+ Int+2 Dex+3, Range, Evo} (curse)
rPois   +          Reflect  .   c - +0 helmet "Mantic Prison" {Alch, Cun} (curse)
rElec   .          Harm     .   B - +1 cloak
rCorr   .          Rampage  .   (no gloves)
Will    .....                   m - +0 pair of boots
Stlth   +++.......              e - amulet "Revealing Visionary" {Spirit, Elem, Self} (curse)
HPRegen 0.23/turn               n - +6 ring of strength
MPRegen 0.13/turn               D - +6 ring of intelligence

@: no status effects
A: icy blue scales 2, condensation shield, demonic magic 2, demonic touch 1
a: Renounce Religion, Curse Item, Shatter the Chains


You were on level 1 of the Lair of Beasts.
You worshipped Ashenzari.
Ashenzari was pleased with you.
You visited 2 branches of the dungeon, and saw 9 of its levels.
You also visited: Ossuary.

You collected 565 gold pieces.

Inventory:

Hand Weapons
 a - a +2 trident of electrocution (weapon)
 d - a +0 hunting sling
Missiles
 k - 14 poisoned darts (quivered)
 z - 85 sling bullets
Armour
 b - a +0 leather armour
 c - the cursed +0 helmet "Mantic Prison" (worn) {Alch, Cun}

   It has a curse which improves the following skills: Alchemy: Poison Magic and
   Transmutations.
   Cunning:   Dodging and Stealth.
 m - a +0 pair of boots (worn)
 A - the cursed +0 robe "Prophetic Oblivion" (worn) {rPois rN+ Int+2 Dex+3, Range, Evo}
   (You found it on level 5 of the Dungeon)

   Int:       It affects your intelligence (+2).
   Dex:       It affects your dexterity (+3).
   rPois:     It protects you from poison.
   rN:        It protects you from negative energy.
   It has a curse which improves the following skills: Ranged Combat: Slings,
   Bows, Crossbows and Throwing.
   Evocations: Evocations.
 B - a +1 cloak (worn)
 G - +0 acid dragon scales
Jewellery
 e - the cursed amulet "Revealing Visionary" (around neck) {Spirit, Elem, Self}
   (You found it on level 1 of the Dungeon)

   [amulet of guardian spirit]

   It causes incoming damage to be divided between your reserves of health and
   magic.
   It has a curse which improves the following skills: Elements: Fire Magic, Ice
   Magic, Air Magic and Earth Magic.
   Introspection: Fighting and Spellcasting.
 j - a ring of wizardry
 l - an amulet of regeneration
 n - a +6 ring of strength (left hand)
 D - a +6 ring of intelligence (right hand)
 H - a +6 ring of dexterity
 J - a ring of ice
 M - a +6 ring of strength
Wands
 o - a wand of digging (4)
 p - a wand of acid (2)
 E - a wand of paralysis (6)
 N - a wand of mindburst (15)
Scrolls
 g - 2 scrolls of fog
 h - 2 scrolls of teleportation
 i - a scroll of holy word
 x - 2 scrolls of fear
 y - a scroll of magic mapping
 I - a scroll of enchant armour
Potions
 f - a potion of cancellation
 r - 4 potions of flight
 s - a potion of invisibility
 t - 3 potions of ambrosia
 u - a potion of might
 v - 2 potions of curing
 w - 3 potions of mutation
 C - a potion of haste
 F - a potion of magic
 K - a potion of brilliance
Miscellaneous
 L - a phial of floods


   Skills:
 + Level 6.6(8.1) Fighting
 + Level 6.7 Polearms
 + Level 4.2(6.2) Slings
 - Level 4.2(6.3) Throwing
 + Level 6.6(8.1) Dodging
 + Level 4.5(5.9) Stealth
 + Level 0.7(1.5) Spellcasting
 + Level 0.7(1.5) Ice Magic
 + Level 4.6(6.0) Evocations


You had 9 spell levels left.
You knew the following spells:

 Your Spells              Type           Power      Damage    Failure   Level
a - Frozen Ramparts       Ice            14%        1d3       28%         3

Your spell library contained the following spells:

 Spells                   Type           Power      Damage    Failure   Level
 Freeze                   Ice            28%        1d5       10%         1
 Summon Small Mammal      Summ           4%         N/A       19%         1
 Call Canine Familiar     Summ           1%         N/A       47%         3
 Gell's Gravitas          Tloc           1%         N/A       47%         3
 Lesser Beckoning         Tloc           1%         N/A       47%         3
 Summon Guardian Golem    Hex/Summ       1%         N/A       47%         3
 Teleport Other           Tloc           1%         N/A       47%         3
 Hailstorm                Conj/Ice       4%         3d4       78%         4
 Airstrike                Air            1%         N/A       86%         4
 Summon Lightning Spire   Summ/Air       1%         N/A       86%         4
 Lightning Bolt           Conj/Air       0%         1d11      99%         5
 Borgnjor's Revivificati  Necr           0%         N/A       100%        8
 Necromutation            Tmut/Necr      0%         N/A       100%        8
 Death's Door             Necr           0%         N/A       100%        9


Dungeon Overview and Level Annotations

Branches:
Dungeon (8/15)             Temple (0/1) D:5            Lair (1/6) D:8
Ossuary (visited)

Altars:
Ashenzari
Cheibriados
Dithmenos
Elyvilon
Fedhas
Ru
Trog
Uskayaw
Wu Jian

Shops:
D:1 =

Portals:
Volcano: Lair:1


Innate Abilities, Weirdness & Mutations

You are mostly covered in icy blue scales. (AC +3)
A meltable shield of frost defends you. (SH +4)
Spells you cast may paralyse nearby enemies.
Your touch may inflict minor irresistible damage on your foes.


Message History

The polar bear claws you but does no damage.
You hit the polar bear but do no damage.
The polar bear is severely wounded.
You hear the rapid rumble of an avalanche of rocks very nearby.
The polar bear bites you.
The polar bear claws you but does no damage.
The polar bear barely misses you.
You barely miss the polar bear.
The polar bear is severely wounded.
The polar bear barely misses you. The polar bear closely misses you.
The polar bear claws you.
You barely miss the polar bear. Your touch misses the polar bear.
The polar bear is severely wounded.
The polar bear bites you! The polar bear barely misses you.
You block the polar bear's attack.
You are too injured to fight recklessly!
You are too injured to fight recklessly!
Unknown command.
You puncture the polar bear!
The polar bear is almost dead.
The polar bear goes berserk!
You hit the polar bear.
You touch the polar bear.
The polar bear is almost dead.
The polar bear barely misses you. The polar bear misses you.
You block the polar bear's attack. The polar bear bites you!!
* * * LOW HITPOINT WARNING * * *
The polar bear misses you. The polar bear closely misses you.
Unknown command.
You hit the polar bear but do no damage.
The polar bear is almost dead.
The sound of falling rocks suddenly begins to subside.
The polar bear barely misses you. The polar bear misses you.
The polar bear closely misses you.
Unknown command.
You hit the polar bear.
The polar bear is almost dead.
You block the polar bear's attack. The polar bear closely misses you.
The polar bear claws you but does no damage.
The polar bear bites you!!
You die...

#..##...### #......####
#..##.....## #..........
#..hF.......####..#####.
####.......?.....####
,,* ####.P..#..#.....###
* *** *
*.#.....$........>. , *
........##..........., ,
.......$.............*,,
,.......@.....#.##....,*
* *
....##h......####.... .
, #.#....(.#..... , ,
##.#........##* ,, *
##..###.......#### ,
##................# #
#......†..........#P#
##..................#
#...#.....#........##


You could see a polar bear (berserk).

Vanquished Creatures
  A cane toad (Lair:1)
  A komodo dragon (Lair:1)
  Prince Ribbit (D:6)
  Eustachio (D:6)
  A wyvern (D:8)
  2 vampire mosquitoes (D:7)
  Menkaure (Ossuary)
  Edmund (D:4)
  An acid dragon (D:8)
  4 water moccasins
  2 ice beasts
  A sky beast (D:7)
  2 necrophages
  4 ogres
  2 centaurs (D:8)
  4 bullfrogs
  2 scorpions (D:5)
  A water moccasin skeleton (D:5)
  A wight (D:7)
  A howler monkey (D:3)
  A bullfrog zombie (D:5)
  5 centaur zombies
  2 hounds (D:5)
  A gnoll shaman (D:8)
  2 jellies (D:5)
  2 orc priests
  A bullfrog skeleton (D:7)
  An iguana (D:7)
  An orc wizard (D:7)
  A killer bee zombie (D:7)
  An ogre zombie (Ossuary)
  A hound zombie (D:5)
  2 hound skeletons (D:5)
  7 mummies
  A howler monkey zombie (D:7)
  4 gnolls (D:8)
  8 adders
  A howler monkey skeleton (D:7)
  3 white imps (D:5)
  2 ufetubi
  7 adder zombies (Ossuary)
  5 dart slugs
  11 orcs
  4 ball pythons
  11 endoplasms
  2 giant cockroaches
  5 goblins
  6 hobgoblins
  7 jackals
  2 kobolds (D:1)
  2 quokkas
  6 bats
  6 frilled lizards
  2 gnoll zombies (Ossuary)
  4 goblin zombies (Ossuary)
  6 hobgoblin zombies (Ossuary)
  A kobold zombie (Ossuary)
  2 orc zombies (Ossuary)
  2 quokka zombies (Ossuary)
  6 rats
  A rat zombie (Ossuary)
179 creatures vanquished.

Vanquished Creatures (others)
  4 fungi
  4 plants
8 creatures vanquished.

Grand Total: 187 creatures vanquished

Notes
Turn   | Place    | Note
-------+----------+-------------------------------------------
     0 | D:1      | Zonian the Demonspawn Gladiator began the quest for the
                  | Orb.
     0 | D:1      | Reached XP level 1. HP: 16/16 MP: 1/1
    42 | D:1      | Found Rita's Jewellery Emporium.
   255 | D:1      | Gained mutation: A meltable shield of frost defends you.
                  | (SH +4) [demonic ancestry]
   255 | D:1      | Reached XP level 2. HP: 19/22 MP: 0/2
   878 | D:1      | Found a faded altar of an unknown god.
   887 | D:1      | Prayed at the altar of an unknown god.
   887 | D:1      | Became a worshipper of Ashenzari the Shackled
   971 | D:1      | Gained mutation: Your touch may inflict minor irresistible
                  | damage on your foes. [demonic ancestry]
   971 | D:1      | Reached XP level 3. HP: 28/28 MP: 3/3
  1711 | D:2      | Gained mutation: You are partially covered in icy blue
                  | scales. (AC +2) [demonic ancestry]
  1711 | D:2      | Reached XP level 4. HP: 35/35 MP: 4/4
  2326 | D:2      | Reached * piety under Ashenzari
  2577 | D:3      | Reached XP level 5. HP: 33/42 MP: 5/5
  3166 | D:4      | Noticed an ogre
  3171 | D:4      | Killed an ogre
  3215 | D:4      | Found a sand-covered staircase.
  3225 | D:4      | Reached XP level 6. HP: 36/48 MP: 4/6
  3228 | Ossuary  | Entered an ossuary
  3525 | Ossuary  | Noticed Menkaure
  3530 | Ossuary  | Killed Menkaure
  3531 | Ossuary  | Reached XP level 7. HP: 52/55 MP: 7/7
  4232 | D:4      | Noticed Edmund
  4246 | D:4      | Killed Edmund
  4562 | D:5      | Entered Level 5 of the Dungeon
  4573 | D:5      | Reached skill level 5 in Polearms
  4711 | D:5      | Identified the +0 robe "Pueniber" {rPois rN+ Int+2 Dex+3}
  4733 | D:5      | Reached ** piety under Ashenzari
  4746 | D:5      | Reached skill level 5 in Dodging
  4782 | D:5      | Gained mutation: Spells you cast may paralyse adjacent
                  | enemies. [demonic ancestry]
  4782 | D:5      | Reached XP level 8. HP: 60/64 MP: 8/8
  4895 | D:5      | Reached skill level 1 in Slings
  4895 | D:5      | Reached skill level 1 in Stealth
  4910 | D:5      | Found a shadowy altar of Dithmenos.
  4951 | D:5      | Reached skill level 1 in Evocations
  5232 | D:5      | Reached skill level 5 in Fighting
  5276 | D:5      | Found a staircase to the Ecumenical Temple.
  5854 | D:6      | Found a hide-covered altar of Uskayaw.
  6063 | D:6      | Noticed Prince Ribbit
  6071 | D:6      | Killed Prince Ribbit
  6437 | D:6      | Noticed Eustachio
  6450 | D:6      | Killed Eustachio
  6451 | D:6      | Gained mutation: You are mostly covered in icy blue scales.
                  | (AC +3) [demonic ancestry]
  6451 | D:6      | Reached XP level 9. HP: 72/72 MP: 9/9
  7926 | D:8      | Found a bloodstained altar of Trog.
  7928 | D:8      | Found a snail-covered altar of Cheibriados.
  7929 | D:8      | Found an ornate altar of the Wu Jian Council.
  8217 | D:8      | Found a blossoming altar of Fedhas.
  8232 | D:8      | Found a staircase to the Lair.
  8567 | D:8      | Found a sacrificial altar of Ru.
  8692 | Lair:1   | Entered Level 1 of the Lair of Beasts
  8703 | Lair:1   | Noticed a cane toad
  8708 | Lair:1   | Noticed a polar bear
  8735 | Lair:1   | Found a dark tunnel.
  8992 | Lair:1   | Noticed a komodo dragon
  9060 | Lair:1   | Learned a level 3 spell: Frozen Ramparts
  9168 | Lair:1   | Killed a komodo dragon
  9169 | Lair:1   | Gained mutation: Spells you cast may paralyse nearby
                  | enemies. [demonic ancestry]
  9169 | Lair:1   | Reached XP level 10. HP: 80/80 MP: 9/11
  9289 | Lair:1   | Killed a cane toad
  9336 | Lair:1   | Mangled by a polar bear

Illustrated notes

Levels and vault maps discovered:
D:1:      shiori_shiawase, layout_basic, serial_shops, shop,
          shapermc_ecumenical_altar_mp_highgroup
D:2:      layout_basic, minivault_24, chequers_serial_rivers_marsh
D:3:      layout_rooms, hangedman_decor_clover_reticule, serial_park_tiny_2
D:4:      layout_basic, gup_ossuary_entry_pyramid, uniq_edmund
D:5:      layout_basic, nicolae_dithmenos_shadow_blocks,
          minmay_temple_entry_drinking_statues
D:6:      layout_basic, nicolae_overflow_crystal_walls, uniq_prince_ribbit1,
          uniq_eustachio
D:7:      layout_basic, kennysheep_generic_room_15
D:8:      layout_rooms, fedhas_bush_and_centaur_altar,
          nicolae_ru_the_path_less_chosen,
          chequers_temple_overflow_statue_of_worship, dpeg_oklobed_lair,
          minivault_10
Lair:1:   layout_misc_corridors, nicolae_volcano_entry_hallway

Skill      XL: |  1  2  3  4  5  6  7  8  9 |
---------------+----------------------------+-----
Polearms       | 3 4 5 6 |  6.7
Dodging        | 3 4 5 6 |  6.6
Throwing       | 2 3 4 |  4.2
Fighting       | 3 4 5 6 |  6.6
Slings         | 2 4 |  4.2
Stealth        | 2 4 |  4.5
Evocations     | 2 4 |  4.6
Spellcasting   | |  0.7
Ice Magic      | |  0.7

Action                   |  1- 3 |  4- 6 |  7- 9 | 10-12 || total
-------------------------+-------+-------+-------+-------++-------
Melee: Trident           |   109 |   141 |   368 |    22 ||   640
       Touch             |     6 |    24 |    67 |     6 ||   103
 Fire: Hunting sling     |       |       |       |     3 ||     3
Throw: Throwing net      |     1 |     3 |     1 |       ||     5
Invok: Curse Item        |     1 |     1 |     1 |       ||     3
Evoke: Wand              |       |     4 |       |       ||     4
  Use: Potion            |     3 |       |     2 |       ||     5
       Scroll            |       |     1 |     4 |       ||     5
 Stab: Sleeping          |     1 |     1 |    12 |       ||    14
       Held in net/web   |       |       |     1 |       ||     1
Armor: Leather armour    |    29 |    34 |    17 |       ||    80
       Robe              |       |       |    52 |    11 ||    63
Dodge: Dodged            |    52 |    93 |   211 |    27 ||   383
Block: Other             |    17 |    28 |    59 |     6 ||   110

Table legend: (Time is in decaauts)
 A = Elapsed time spent in this place.
 B = Non-inter-level travel time spent in this place.
 C = Inter-level travel time spent in this place.
 D = Time resting spent in this place.
 E = Time spent auto-exploring this place.
 F = Levels seen in this place.
 G = Mean time per level.
                   A        B        C        D        E       F      G
               +--------+--------+--------+--------+--------+-----+--------+
         Total |   9361 |   9078 |    283 |   1443 |   5473 |  10 |  936.1 |
       Dungeon |   8031 |   7748 |    283 |   1106 |   5039 |   8 | 1003.9 |
          Lair |    641 |    641 |      0 |    140 |    291 |   1 |  641.0 |
       Ossuary |    688 |    688 |      0 |    197 |    143 |   1 |  688.0 |
               +--------+--------+--------+--------+--------+-----+--------+

Top non-repeatable levels by time:
     D:2: 1257 daAuts
     D:5: 1181 daAuts
     D:1: 1161 daAuts
     D:7: 1150 daAuts
     D:6: 1018 daAuts
     D:4: 977 daAuts
     D:8: 781 daAuts
 Ossuary: 688 daAuts
  Lair:1: 641 daAuts
     D:3: 503 daAuts
